 Dungeon Crawl Stone Soup version 0.30-a0-618-gd6c86c23d0 (webtiles) character file.

Game seed: 249875117741182355

275 whiskeysaurus the Caller (level 6, -4/41 HPs)
             Began as a Barachi Summoner on Jan 9, 2023.
             Slain by an orc priest
             ... wielding a +0 mace
              (9 damage)
             ... on level 3 of the Dungeon.
             The game lasted 00:06:42 (2830 turns).

whiskeysaurus the Caller (Barachi Summoner)         Turns: 2830, Time: 00:06:43

Health: -4/41      AC:  2    Str: 15    XL:     6   Next: 25%
Magic:  2/13       EV: 12    Int: 18    God:
Gold:   149        SH:  0    Dex: 12    Spells: 8/14 levels left

rFire   . . .      SeeInvis .    l - +0 mace (heavy)
rCold   . . .      Faith    .    (no shield)
rNeg    . . .      Spirit   .    a - +0 robe
rPois   .          Reflect  .    (no helmet)
rElec   .          Harm     .    (no cloak)
rCorr   .          Rampage  .    (no gloves)
Will    .....                    (no boots)
Stlth   ++                       (no amulet)
HPRegen 0.26/turn                f - +6 ring of strength
MPRegen 0.13/turn                (no ring)

@: slow
A: amphibious, slowness 1, strong legs 1, +LOS
a: Hop


You were on level 3 of the Dungeon.
You visited 1 branch of the dungeon, and saw 3 of its levels.

You collected 149 gold pieces.

Inventory:

Hand Weapons
 d - a +0 club
 l - a +0 heavy mace (weapon)
 r - a +1 flail of draining
Armour
 a - a +0 robe (worn)
 c - a +0 helmet
Jewellery
 f - a +6 ring of strength (left hand)
Wands
 v - a wand of flame (28)
Scrolls
 g - 3 scrolls of teleportation {unknown}
 i - 3 scrolls of identify {unknown}
 k - a scroll of blinking {unknown}
 m - a scroll of vulnerability {unknown}
 o - a scroll of magic mapping {unknown}
 q - a scroll of torment {unknown}
 s - a scroll of enchant weapon {unknown}
 t - a scroll of poison {unknown}
Potions
 b - a potion of magic
 e - a potion of flight {unknown}
 h - 3 potions of haste {unknown}
 j - a potion of curing {unknown}
 n - 2 potions of lignification {unknown}
 p - a potion of cancellation {unknown}
 u - 2 potions of berserk rage {unknown}


   Skills:
 - Level 2.1 Dodging
 - Level 1.7 Stealth
 + Level 4.8 Spellcasting
 + Level 7.1 Summonings


You had 8 spell levels left.
You knew the following spells:

 Your Spells              Type           Power      Damage    Failure   Level
a - Summon Small Mammal   Summ           100%       N/A       1%          1
b - Call Imp              Summ           30%        N/A       1%          2
c - Call Canine Familiar  Summ           30%        N/A       2%          3

Your spell library contained the following spells:

 Spells                   Type           Power      Damage    Failure   Level
 Summon Guardian Golem    Hex/Summ       17%        N/A       10%         3
 Summon Lightning Spire   Summ/Air       17%        N/A       30%         4
 Kindle Blastsparks       Fire/Tloc/Air  8%         2d10      38%         3
 Swiftness                Air            4%         N/A       38%         3
 Animate Dead             Necr           4%         N/A       80%         4


Dungeon Overview and Level Annotations

Branches:
Dungeon (3/15)

Altars:
Vehumet


Innate Abilities, Weirdness & Mutations

You are amphibious.
You cover ground slowly.
You can hop short distances.
You have an extended range of vision and can be seen from far away.


Message History

The orc priest is heavily wounded.
Your quokka disappears in a puff of smoke!
Your hound bites the orc priest.
The orc priest hits you with a +0 mace!
Your hound barely misses the orc priest.
The orc priest hits you with a +0 mace!
Your crimson imp blinks!
Your hound bites the orc priest but does no damage.
You are too injured to fight recklessly!
You are too injured to fight recklessly!
You swap places.
Your hound closely misses the orc priest.
The orc priest closely misses you.
You see here a +0 flail.
You hit the orc priest.
The orc priest is almost dead.
Your hound barely misses the orc priest. x2
The orc priest calls down the wrath of Beogh upon you.
You barely resist.
Your hound bites the orc priest but does no damage.
The orc priest barely misses your hound.
Your crimson imp blinks!
Your hound bites the orc priest but does no damage.
The orc attacks as you move away! The orc hits you with a +0 mace!
* * * LOW HITPOINT WARNING * * *
The orc priest hits your hound with a +0 mace.
Your hound bites the orc priest but does no damage.
The orc barely misses you.
The orc priest mumbles some strange prayers to Beogh against your hound.
Your hound is smitten.
Your hound dies!
Your hound's corpse disappears in a puff of smoke!
The orc priest shouts!
You sock the orc!
You kill the orc!
The orc priest hits you with a +0 mace.
* * * LOW HITPOINT WARNING * * *
You barely miss the orc priest.
The orc priest is almost dead.
The orc priest hits you with a +0 mace!
You die...

##...###.##...###
....s...<##.###
##...##..##.# ##
#..##.#
#<.##.#########
#.........>...#
##.##.#######.# #
###†##.#######.#
###.##.......s..@.#.#
........#########o..#
###.##.###.....)))..#
#.##.##..#...#...##
#....#...........#
#.#..#⌠...)......#
#.##.#o..........#
#.##.##5.#...#...#
#.##.###.........#


You could see a scorpion and an orc priest.

Vanquished Creatures
  A gnoll (D:2)
  2 dart slugs (D:2)
  An orc (D:3)
  2 bats
  An endoplasm (D:2)
  A giant cockroach (D:1)
  2 goblins
  3 kobolds (D:2)
  A quokka (D:1)
  2 rats
16 creatures vanquished.

Vanquished Creatures (collateral kills)
  An ogre (D:3)
  Jessica (D:3)
  2 orc wizards (D:3)
  2 gnolls (D:2)
  2 adders (D:2)
  2 worms
  2 orcs (D:3)
  3 endoplasms
  6 goblins
  2 hobgoblins
  4 kobolds
  2 quokkas
  2 ball pythons
  2 bats
  A frilled lizard (D:1)
  4 rats
38 creatures vanquished.

Grand Total: 54 creatures vanquished

Notes
Turn   | Place    | Note
-------+----------+-------------------------------------------
     0 | D:1      | whiskeysaurus the Barachi Summoner began the quest for the
                  | Orb.
     0 | D:1      | Reached XP level 1. HP: 13/13 MP: 3/3
   111 | D:1      | Found a faded altar of an unknown god.
   192 | D:1      | Reached skill level 5 in Summonings
   307 | D:1      | Reached XP level 2. HP: 18/19 MP: 0/5
   510 | D:1      | Got the Encyclopedia of Unspeakable Ceremonies and Gases
  1075 | D:2      | Reached XP level 3. HP: 24/24 MP: 7/7
  1418 | D:2      | HP: 1/24 [poisoned by an adder]
  1433 | D:2      | Reached XP level 4. HP: 6/30 MP: 7/9
  1998 | D:2      | Reached skill level 6 in Summonings
  2182 | D:3      | Noticed Jessica
  2182 | D:3      | Found a radiant altar of Vehumet.
  2188 | D:2      | Learned a level 2 spell: Call Imp
  2192 | D:2      | Learned a level 3 spell: Call Canine Familiar
  2204 | D:3      | Noticed a scorpion
  2301 | D:3      | Noticed an ogre
  2308 | D:3      | Killed an ogre
  2309 | D:3      | Reached XP level 5. HP: 35/35 MP: 2/11
  2587 | D:3      | Killed Jessica
  2812 | D:3      | Reached skill level 7 in Summonings
  2812 | D:3      | Reached XP level 6. HP: 36/41 MP: 5/13
  2830 | D:3      | Slain by an orc priest

Illustrated notes

Levels and vault maps discovered:
D:1:      eino_arrival_cavern_e, layout_loops_ring,
          ebering_ecumenical_altar_ruins
D:2:      layout_basic, chequers_serial_rivers_micro_e, minmay_pentomino_x4
D:3:      cheibrodos_pilgrimage, layout_loops_ring, vehumet_altar_wand_db,
          trog_butcher_becter, mainiacjoe_overflow_alcove_4,
          chequers_serial_rivers_micro_d, uniq_natasha, uniq_jessica

Skill      XL: |  1  2  3  4  5 |
---------------+----------------+-----
Summonings     | 5 6 7 |  7.1
Spellcasting   | 3 4 |  4.8
Dodging        | |  2.1
Stealth        | |  1.7

Action                   |  1- 3 |  4- 6 || total
-------------------------+-------+-------++-------
Melee: Unarmed           |    13 |       ||    13
       Club              |    26 |       ||    26
       Mace              |    23 |     9 ||    32
 Cast: Summon Small Mamm |    62 |    37 ||    99
       Call Imp          |       |     7 ||     7
       Call Canine Famil |       |     6 ||     6
Armor: Robe              |    29 |     1 ||    30
Dodge: Dodged            |    86 |    12 ||    98

Table legend: (Time is in decaauts)
 A = Elapsed time spent in this place.
 B = Non-inter-level travel time spent in this place.
 C = Inter-level travel time spent in this place.
 D = Time resting spent in this place.
 E = Time spent auto-exploring this place.
 F = Levels seen in this place.
 G = Mean time per level.
                   A        B        C        D        E       F      G
               +--------+--------+--------+--------+--------+-----+--------+
         Total |   3173 |   3101 |     72 |    355 |   1974 |   3 | 1057.7 |
       Dungeon |   3173 |   3101 |     72 |    355 |   1974 |   3 | 1057.7 |
               +--------+--------+--------+--------+--------+-----+--------+

Top non-repeatable levels by time:
     D:2: 1484 daAuts
     D:1: 1068 daAuts
     D:3: 621 daAuts
